 Dungeon Crawl Stone Soup version 0.18-a0-721-g8fc53f4 (webtiles) character file.

221 4thArraOfDagon the Firebug (level 5, 0/28 HPs)
             Began as a Deep Elf Fire Elementalist on Dec 8, 2015.
             Succumbed to a worker ant's poison
             ... on level 4 of the Dungeon.
             The game lasted 00:04:39 (835 turns).

4thArraOfDagon the Firebug (DEFE)                    Turns: 835, Time: 00:04:39

Health: 0/28       AC:  2    Str:  5    XL:     5   Next: 65%
Magic:  2/13       EV: 18    Int: 21    God:
Gold:   76         SH:  0    Dex: 20    Spells: 3 memorised, 5 levels left

rFire  . . .     SeeInvis .     d - +0 short sword
rCold  . . .     Clarity  .     a - +0 robe
rNeg   . . .     SustAt   .     (no shield)
rPois  .         Gourm    .     (no helmet)
rElec  .         Spirit   .     (no cloak)
rCorr  .         Dismiss  .     (no gloves)
rMut   .         Stasis   .     (no boots)
MR     .....                    (no amulet)
Stlth  +++.......               (no ring)
                                (no ring)

@: agile, lethally poisoned (0 -> -6), flying, very slightly contaminated, not
resistant to hostile enchantments, fairly stealthy
A: no striking features
a: no special abilities


You were on level 4 of the Dungeon.
You were hungry.

You visited 1 branch of the dungeon, and saw 4 of its levels.

You collected 76 gold pieces.

Inventory:

Hand Weapons
 d - a +0 short sword (weapon)
Missiles
 e - 14 stones (quivered)
Armour
 a - a +0 robe (worn)
Scrolls
 f - 2 scrolls of teleportation {unknown}
 h - 2 scrolls of identify {unknown}
 l - a scroll of remove curse
Books
 b - a book of Flames

   Spells                             Type                      Level
   a - Flame Tongue                   Conjuration/Fire             1
   b - Throw Flame                    Conjuration/Fire             2
   c - Conjure Flame                  Conjuration/Fire             3
   d - Inner Flame                    Hexes/Fire                   3
   e - Sticky Flame                   Conjuration/Fire             4
   f - Fireball                       Conjuration/Fire             5
Comestibles
 c - 2 bread rations
 g - 4 fruits
 j - a meat ration
 k - a chunk of flesh


   Skills:
 - Level 2.4 Dodging
 - Level 2.4 Stealth
 + Level 4.5 Spellcasting
 * Level 3.8 Conjurations
 * Level 5.1 Fire Magic


You had 5 spell levels left.
You knew the following spells:

 Your Spells              Type           Power        Failure   Level  Hunger
a - Flame Tongue          Conj/Fire      ###..        1%          1    None
b - Conjure Flame         Conj/Fire      ###.....     6%          3    ##.....
c - Sticky Flame          Conj/Fire      ###.....     21%         4    ####...


Dungeon Overview and Level Annotations

Branches:
Dungeon (4/15)
 Temple: D:4-7

Altars:
Pakellas
Vehumet

Shops:
D:3 }

Annotations:
D:4 bli's ghost, amateur MfTm


Message History

* * * LOW HITPOINT WARNING * * *
You feel sick.
Unknown command.
The worker ant burns!
Unknown command.
Drink which item? (? for menu, Esc to quit)
It was a potion of agility.
You feel agile all of a sudden.
* * * LOW HITPOINT WARNING * * *
You feel sick.
The worker ant burns!
The worker ant bites you.
* * * LOW HITPOINT WARNING * * *
A worker ant comes into view.
Unknown command.
Drink which item? (? for menu, Esc to quit)
It was a potion of flight.
You feel very buoyant.
You fly up into the air.
The worker ant burns!
You kill the worker ant!
Unknown command.
You die...

#..........#. ##............
****** ### #...........##
*,,,,* #.# ##....####.###*
*,,,,* #.## ##(....###..#*.,
*,,,,* #..###..........###.,
*,,,,* ##..##...####.###...,,
*,,,,* *#.h.##.#.##.....,,..,,
*,,,,**#..#..@....$.#.###*.#**
*,,,,*#..#h.#....####.# *.#**
**,*,#....<....#.# #.# ##.#*,
**,,...........#.####.###..#*,
**,,...a........#.#.>......##*,
*,,,............#.#........###.
*,,,..........(................
*,,,,.......................##.
**,,,,,..............<....####.


You could see a worker ant (wandering) and 2 jackals.

Vanquished Creatures
  An ogre (D:4)
  A hound (D:4)
  A centaur skeleton (D:4)
  2 worker ants (D:4)
  An adder (D:3)
  An orc (D:3)
  A giant cockroach (D:3)
  A goblin (D:3)
  A kobold (D:1)
  2 bats
  A giant newt (D:4)
  3 jackals
16 creatures vanquished.

Vanquished Creatures (others)
  A jackal (D:4)
1 creature vanquished.

Grand Total: 17 creatures vanquished

Notes
Turn   | Place    | Note
--------------------------------------------------------------
     0 | D:1      | 4thArraOfDagon the Deep Elf Fire Elementalist began the quest for the Orb.
     0 | D:1      | Reached XP level 1. HP: 10/10 MP: 6/6
   138 | D:3      | Reached XP level 2. HP: 15/15 MP: 5/8
   212 | D:3      | Found an oddly glowing altar of Pakellas.
   212 | D:3      | Found Pakellas's Prime Provisions.
   516 | D:4      | Found a radiant altar of Vehumet.
   522 | D:4      | Noticed an ogre
   543 | D:4      | Killed an ogre
   543 | D:4      | Reached skill level 4 in Spellcasting
   543 | D:4      | Reached XP level 3. HP: 11/19 MP: 1/10
   543 | D:4      | Reached XP level 4. HP: 13/24 MP: 1/12
   548 | D:4      | Noticed bli's ghost (amateur MfTm)
   578 | D:4      | Learned a level 3 spell: Conjure Flame
   583 | D:4      | Learned a level 4 spell: Sticky Flame
   596 | D:4      | Reached XP level 5. HP: 19/28 MP: 1/13
   796 | D:4      | Reached skill level 5 in Fire Magic
   833 | D:4      | HP: 1/28 [worker ant (3)]
   835 | D:4      | Succumbed to a worker ant's poison

Vault maps used:
D:1:      mrwooster_arrival_statue_2
D:2:      feat_on_display, uniq_sigmund, uniq_natasha
D:3:      first_bread, johnstein_pakellas_shop
D:4:      fiery_altar_vehumet

Action                   |  1- 3 |  4- 6 || total
-------------------------+-------+-------++-------
Melee: Short sword       |     6 |    10 ||    16
Throw: Stone             |     2 |     1 ||     3
 Cast: Flame Tongue      |    18 |    17 ||    35
       Sticky Flame      |       |     2 ||     2
       Conjure Flame     |       |     2 ||     2
  Use: Scroll            |     2 |       ||     2
       Potion            |       |     3 ||     3
